 Dungeon Crawl Stone Soup version 0.22.1-1-ga44c0e5 (webtiles) character file.

473 inc the Ducker (level 6, 30/30 HPs)
             Began as a Felid Transmuter on Oct 26, 2018.
             Quit the game on level 6 of the Dungeon.
             The game lasted 00:15:02 (5296 turns).

inc the Ducker (Felid Transmuter)                   Turns: 5296, Time: 00:15:02

Health: 30/30      AC:  2    Str:  6    XL:     6   Next: 83%
Magic:  19/19      EV: 23    Int: 16    God:
Gold:   266        SH:  5    Dex: 17    Spells: 2/9 levels left
                                        Lives:  1   Deaths: 1

rFire    + . .     SeeInvis +     - Unarmed
rCold    . . .     Gourm    .   (shield unavailable)
rNeg     . . .     Faith    .   (armour unavailable)
rPois    .         Spirit   .   (helmet unavailable)
rElec    .         Reflect  +   (cloak unavailable)
rCorr    .         Harm     .   (gloves unavailable)
MR       .....                  (boots unavailable)
Stlth    ++........             A - +5 amulet of reflection
HPRegen  0.10/turn              t - ring of magical power
MPRegen  0.16/turn              y - ring of protection from fire

@: quick
A: very small, no armour, no weapons or thrown items, stealth, claws 1, fangs 3,
see invisible, carnivore, speed 1, shaggy fur 2, slow metabolism 1, sharp paws
a: no special abilities


You were on level 6 of the Dungeon.
You were not hungry.

You visited 1 branch of the dungeon, and saw 7 of its levels.

You collected 266 gold pieces.

Inventory:

Missiles
 a - 86 arrows
Jewellery
 g - an uncursed amulet of regeneration
 i - an uncursed ring of ice
 q - an uncursed ring of fire
 t - a ring of magical power (left paw)
 y - a ring of protection from fire (right paw)
 A - a +5 amulet of reflection (around neck)
Wands
 o - a wand of paralysis (32)
 u - a wand of digging (8)
 B - a wand of flame (16)
Scrolls
 b - a scroll of teleportation
 d - 4 scrolls of amnesia
 h - 4 scrolls of enchant armour {unknown}
 k - a scroll of blinking {unknown}
 l - 2 scrolls of noise {unknown}
 m - a scroll of magic mapping {unknown}
 n - a scroll of random uselessness {unknown}
 p - 2 scrolls of remove curse {unknown}
 s - a scroll of enchant weapon {unknown}
 v - 2 scrolls of fog {unknown}
 x - a scroll of identify
Potions
 e - a potion of haste {unknown}
 f - 2 potions of curing
 j - 2 potions of heal wounds
 r - a potion of berserk rage
 w - a potion of degeneration {unknown}
 z - a potion of mutation {unknown}
 C - a potion of might {unknown}
Comestibles
 c - 11 rations


   Skills:
 - Level 5.2 Fighting
 + Level 7.7 Dodging
 + Level 3.4 Unarmed Combat
 - Level 2.0 Spellcasting
 - Level 5.1 Transmutations


You had 2 spell levels left.
You knew the following spells:

 Your Spells              Type           Power        Failure   Level  Hunger
a - Beastly Appendage     Tmut           ###...       2%          1    #......
b - Sticks to Snakes      Tmut           ###.....     3%          2    ###....
c - Spider Form           Tmut/Pois      #.........   22%         3    ###....
d - Confusing Touch       Hex            #.....       21%         1    #......

Your spell library contained the following spells:

 Spells                   Type           Power        Failure   Level  Hunger
 Passwall                 Tmut/Erth      #.......     11%         2    ###....
 Magic Dart               Conj           #...         21%         1    #......
 Sandblast                Erth           #.....       21%         1    #......
 Blink                    Tloc           N/A          30%         2    ###....
 Call Imp                 Summ           #.......     30%         2    ###....
 Slow                     Hex            #.......     30%         2    ###....
 Confuse                  Hex            #.......     52%         3    ###....
 Conjure Flame            Conj/Fire      #.......     52%         3    ###....
 Gell's Gravitas          Tloc           #.........   52%         3    ###....
 Mephitic Cloud           Conj/Pois/Air  #.......     52%         3    ###....
 Stone Arrow              Conj/Erth      #.....       52%         3    ###....
 Ice Form                 Ice/Tmut       #.......     56%         4    #####..
 Petrify                  Tmut/Erth      #.......     56%         4    #####..
 Blade Hands              Tmut           ###.......   56%         5    ######.
 Yara's Violent Unravell  Hex/Tmut       #.........   89%         5    ######.
 Lee's Rapid Deconstruct  Erth           #.........   99%         5    ######.
 Metabolic Englaciation   Hex/Ice        #.........   99%         5    ######.


Dungeon Overview and Level Annotations

Branches:
Dungeon (7/15)
 Temple: D:4-7

Altars:
Makhleb
Okawaru
Qazlal
Sif Muna
Wu Jian
Yredelemnul
Zin
The Shining One

Annotations:
D:6 Sigmund
D:7 Harold


Innate Abilities, Weirdness & Mutations

You cannot wear armour.
You are incapable of wielding weapons or throwing items.
Your paws allow you to move quietly. (Stealth)
You have sharp claws.
You have razor-sharp teeth.
You have supernaturally acute eyesight. (SInv)
You are carnivorous and can eat meat at any time.
You cover ground quickly.
You are covered in thick fur. (AC +2)
You have a slow metabolism.
Your sharp claws are effective at attacking unaware monsters.


Message History

The ice beast barely misses you.
You hit the ice beast.
The ice beast is poisoned.
The ice beast is severely wounded.
You hit the ice beast.
The ice beast is almost dead.
The ice beast hits you. The ice beast freezes you.
You hit the ice beast but do no damage.
The ice beast is almost dead.
The ice beast hits you. The ice beast freezes you!
You hit the ice beast but do no damage.
The ice beast is almost dead.
The ice beast hits you.
* * * LOW HITPOINT WARNING * * *
The ice beast freezes you!
You die...
Your shape twists and changes as you die.
You are now level 6!
Your transformation has ended.
You rejoin the land of the living...
Are you sure you want to abandon this character and quit the game? (Confirm

####### ......# ......#
########## ......################
#........# .....................#
#........#
.....................###........#
).....).....)....................
......#######...@...(##.........#
......# #..##.........(.####.####
####### #..........(.#######.####
#........>..# #.......
#######..#........#####.#.####
.###........###............#.#
......Y†............)....###.###
.##########..............(.....#
#.....#.#...<..(.....#...##


There were no monsters in sight!

Vanquished Creatures
  An orc warrior (D:6)
  2 ogres (D:5)
  A centaur (D:5)
  A bullfrog (D:6)
  2 orc priests
  4 hounds
  5 orc wizards
  An iguana (D:5)
  A worker ant (D:6)
  A hound skeleton (D:4)
  3 adders
  3 oozes (D:1)
  A worm (D:2)
  2 dart slugs (D:1)
  4 leopard geckos
  13 orcs
  10 bats
  A giant cockroach (D:1)
  10 goblins
  10 hobgoblins
  2 jackals (D:3)
  4 quokkas
  5 frilled lizards
  9 kobolds
  A quokka zombie (D:6)
  6 rats
  A spectral orc (D:4)
104 creatures vanquished.

Vanquished Creatures (collateral kills)
  3 adders
  An orc (D:6)
  A goblin (D:2)
5 creatures vanquished.

Grand Total: 109 creatures vanquished

Notes
Turn   | Place    | Note
-------+----------+-------------------------------------------
     0 | D:1      | inc the Felid Transmuter began the quest for the Orb.
     0 | D:1      | Reached XP level 1. HP: 9/9 MP: 4/4
   192 | D:1      | Reached XP level 2. HP: 2/12 MP: 4/6
   416 | D:1      | Learned a level 2 spell: Sticks to Snakes
   899 | D:1      | Found a glowing golden altar of the Shining One.
  1107 | D:1      | Reached XP level 3. HP: 15/15 MP: 5/7
  1266 | D:2      | Found a stormy altar of Qazlal.
  1434 | D:2      | Reached XP level 4. HP: 9/19 MP: 8/8
  1515 | D:2      | Reached skill level 5 in Transmutations
  1867 | D:2      | Learned a level 3 spell: Spider Form
  1869 | D:2      | Learned a level 1 spell: Confusing Touch
  2379 | D:3      | Reached skill level 3 in Dodging
  2489 | D:3      | Reached XP level 5. HP: 20/22 MP: 6/9
  2512 | D:3      | Found a burning altar of Makhleb.
  2577 | D:4      | Reached skill level 4 in Dodging
  2801 | D:4      | Found a basalt altar of Yredelemnul.
  2851 | D:4      | Gained mutation: You are covered in thick fur. (AC +2)
                  | [Felid growth]
  2851 | D:4      | Reached XP level 6. HP: 28/28 MP: 7/10
  3555 | D:5      | Entered Level 5 of the Dungeon
  3678 | D:5      | Reached skill level 5 in Dodging
  3852 | D:5      | Found an iron altar of Okawaru.
  3871 | D:5      | Found an ornate altar of the Wu Jian Council.
  3953 | D:5      | Reached skill level 6 in Dodging
  3953 | D:5      | Reached XP level 7. HP: 33/33 MP: 11/11
  4059 | D:5      | Found a glowing silver altar of Zin.
  4353 | D:5      | Found a deep blue altar of Sif Muna.
  4565 | D:6      | Noticed Sigmund
  4681 | D:6      | Reached skill level 5 in Fighting
  4681 | D:6      | Reached skill level 7 in Dodging
  4805 | D:7      | Noticed Harold
  5295 | D:6      | Slain by an ice beast
  5296 | D:6      | Reached XP level 6. HP: -1/30 MP: 19/19
  5296 | D:6      | Quit the game

Skill      XL: |  1  2  3  4  5  6  7 |
---------------+----------------------+-----
Transmutations | 3 4 5 |  5.1
Dodging        | 3 4 6 7 |  7.7
Fighting       | 3 4 5 |  5.2
Unarmed Combat | |  3.4
Spellcasting   | |  2.0

Action                   |  1- 3 |  4- 6 |  7- 9 || total
-------------------------+-------+-------+-------++-------
Melee: Unarmed           |   134 |   179 |    74 ||   387
       Headbutt          |    10 |     9 |       ||    19
       Bite              |    11 |     4 |     3 ||    18
       Punch             |     2 |     1 |       ||     3
 Cast: Beastly Appendage |    16 |     9 |       ||    25
       Spider Form       |       |    17 |     8 ||    25
       Sticks to Snakes  |       |     6 |     8 ||    14
  Use: Scroll            |       |     6 |     1 ||     7
       Potion            |       |     1 |     2 ||     3
 Stab: Sleeping          |     8 |     5 |     1 ||    14
  Eat: Chunk             |     6 |     7 |     1 ||    14
Armor: Skin              |     8 |    11 |     2 ||    21
Dodge: Dodged            |   111 |   166 |    68 ||   345
Block: Other             |       |       |    13 ||    13
